Spoon, chaotic male elven Priest -------------- |.............# -------------- #.............|### |.............# #|............+##### ------ |............|# #|............| #####.....| |............|# #-------------- |.SSS| |............|# # f.S@S.e ---------.----# # ------# ## # # # # # # # ######## ### # # --.---- #------- # # |.....| #|.....| # # |.....| #.....`| ----------# # ##.......#######|.....| |....).=.|# ## # |.....| #......| |%.....[.-# #----------- ### |.....| ------- |.%.!![..| #........<.| # ------- ---------- |..........### ----------- Spoon the Acolyte Experience level: 5 Strength: 12 Dexterity: 11 Constitution: 14 Intelligence: 8 Wisdom: 20 Charisma: 12 Health: 0(34) Energy: 48(55) Def: 6 Gold: 122 Moves: 2423 Dungeon seed: BNmrzbTzJxBEfP9n Game ID: Spoon_1614375774 Your Inventory: Coins $ - 122 gold pieces Weapons a - a blessed +1 mace (weapon in hand) C - a +0 crossbow Armor e - a +0 robe (being worn) n - a blessed +0 small shield (being worn) q - a +2 orcish helm (being worn) Comestibles c - 2 cloves of garlic d - a sprig of wolfsbane j - 4 food rations l - a tin of goblin meat Scrolls o - a scroll of teleportation z - a scroll of enchant weapon B - a blessed scroll of gold detection D - a scroll of light Spellbooks f - a spellbook of healing g - a blessed spellbook of extra healing H - a spellbook of identify Potions b - 2 potions of holy water v - a cursed potion of levitation x - a potion of water Rings L - a ring of levitation P - a ring of poison resistance (on left hand) Wands p - a wand of polymorph (0:5) E - a wand of light (0:14) Tools h - a magic marker (0:48) i - a bugle Gems y - a worthless piece of red glass Spells and supernatural/magical abilities: Name Level Category Fail Memory h - healing 1 healing 0% 88% x - extra healing 3 healing 61% 88% W - pray for help -- divine ? -- X - turn undead -- divine ? -- Your skills at the end: Fighting Skills Weapon Skills mace [Basic] Spellcasting Skills clerical spells [Basic] Final Attributes: You were piously aligned. You were sleep resistant. You were poison resistant. You had infravision. You were lucky. You are dead. Vanquished creatures: a large mimic a small mimic a rothe an iguana 2 coyotes 9 manes a large kobold a red mold a gnome 2 gnome zombies a gecko 6 jackals 3 foxes 3 goblins 5 sewer rats 5 grid bugs 3 lichens 6 newts 52 creatures vanquished. Voluntary challenges: You were an atheist. You used a wielded weapon 57 times, starting on turn 107. You read items or engraved 7 times, starting on turn 153. You never genocided any monsters. You never polymorphed an object. You never changed form. You used no wishes. You never split a pudding. You never wrote Elbereth's name. You never violated your personal moral code. Dungeon overview: The Dungeons of Doom: levels 1 to 5 Level 1 a fountain a long staircase Level 2 some fountains Level 3 an altar to Brigit a long staircase Level 4 an altar to Brigit Level 5 <- You were here a general store, a fountain History has recorded: On T:1 you entered the Dungeons of Doom to retrieve the Amulet of Yendor! On T:394 you reached level 2 of The Dungeons of Doom. On T:497 you advanced to experience level 2. On T:762 you reached level 3 of The Dungeons of Doom. On T:1395 you advanced to experience level 3. On T:1477 you reached level 4 of The Dungeons of Doom. On T:1931 you reached level 5 of The Dungeons of Doom. On T:2255 you advanced to experience level 4. On T:2271 you advanced to experience level 5. Score breakdown: Gold: 122 ( 7109 points) Experience: 5 levels (11141 points) Exploration: 5 levels ( 10.00%) ( 8571 points) Discoveries: 12 items ( 4.18%) ( 6134 points) Valuables value: (no points given unless you survive) Artifact value: 0 ( 0 points) Variety of kills: 18 monsters ( 4.72%) ( 6520 points) Turncount: 2423 turns ( -284 points) Survival: died (score multiplied by 80%) Total score: 31352 Latest messages: That door is closed. You destroy the manes! You miss the manes. You destroy the manes! (2x) You miss the manes. You destroy the manes! You hit the manes. You destroy the manes! (4x) The fox bites! You kill the fox! An endless stream of snakes pours forth! The water moccasin bites! (5x) You hit the water moccasin! The water moccasin misses. The water moccasin bites! (7x) You die... Final status: Goodbye Spoon the Priest, killed by a water moccasin... You died in The Dungeons of Doom on dungeon level 5 with 31352 points, and 122 pieces of gold, after 2423 moves. You were level 5 with a maximum of 34 hit points when you died.